 Dungeon Crawl Stone Soup version 0.26.0-20-g3ca415f5b8 (webtiles) character file.

Game seed: 11093330904345110058

62 Flure the Shield-Bearer (level 4, 0/37 HPs)
             Began as a Formicid Fighter on Jan 24, 2021.
             Slain by Sigmund
             ... wielding a +0 scythe
              (9 damage)
             ... on level 2 of the Dungeon.
             The game lasted 00:01:38 (1389 turns).

Flure the Shield-Bearer (Formicid Fighter)          Turns: 1389, Time: 00:01:39

Health: 0/37       AC:  6    Str: 20    XL:     4   Next: 28%
Magic:  4/4        EV:  8    Int:  8    God:
Gold:   109        SH: 11    Dex: 11    Spells: 3/3 levels left

rFire    . . .     SeeInvis +   a - +0 quarterstaff
rCold    . . .     Faith    .   k - +2 kite shield
rNeg     . . .     Spirit   .   b - +0 scale mail
rPois    .         Reflect  .   (helmet unavailable)
rElec    .         Harm     .   (no cloak)
rCorr    .         Rampage  .   (no gloves)
Will     .....                  (no boots)
Stlth    ..........             (no amulet)
HPRegen  0.12/turn              (no ring)
MPRegen  0.09/turn              (no ring)

@: no status effects
A: permanent stasis, dig shafts and tunnels, four strong arms, antennae 3
a: Dig, Shaft Self


You were on level 2 of the Dungeon.
You visited 1 branch of the dungeon, and saw 2 of its levels.

You collected 109 gold pieces.

Inventory:

Hand Weapons
 a - a +0 quarterstaff (weapon)
Missiles
 e - 2 atropa-tipped darts
 f - 33 sling bullets
Armour
 b - a +0 scale mail (worn)
 c - a +0 kite shield
 k - a +2 kite shield (worn)
Jewellery
 o - an uncursed ring of positive energy {unknown}
Scrolls
 g - 3 scrolls of identify {unknown}
 h - a scroll of fear {unknown}
 j - a scroll of teleportation {unknown}
 m - a scroll of blinking {unknown}
 p - a scroll of amnesia {unknown}
 q - a scroll of enchant weapon {unknown}
 r - a scroll of remove curse {unknown}
Potions
 d - a potion of might
 i - 2 potions of magic {unknown}
 l - a potion of mutation {unknown}
 n - a potion of heal wounds {unknown}


   Skills:
 + Level 3.7 Fighting
 + Level 3.2 Staves
 - Level 3.4 Armour
 + Level 0.1 Dodging
 + Level 0.1 Stealth
 + Level 4.2 Shields


You had 3 spell levels left.
You didn't know any spells.
Your spell library was empty.

Dungeon Overview and Level Annotations

Branches:
Dungeon (2/15)

Altars:

Annotations:
D:2 Sigmund


Innate Abilities, Weirdness & Mutations

You cannot be hasted, slowed, berserked, paralysed or teleported.
You can dig through walls and to a lower floor.
Your four strong arms can wield two-handed weapons with a shield.
You have a pair of large antennae on your head. (SInv)


Message History

Sigmund casts a spell at you.
You are confused.
You bump into the rock wall.
Sigmund barely misses you.
You bump into the rock wall.
Sigmund hits you with a +0 scythe!
You hit Sigmund.
Sigmund is heavily wounded.
Sigmund hits you with a +0 scythe.
You sock Sigmund!
Sigmund is almost dead.
You bump into the rock wall.
Sigmund closely misses you.
You hit Sigmund but do no damage.
Sigmund is almost dead.
You feel less confused. Sigmund gestures at you while chanting.
The magic dart hits you!
* * * LOW HITPOINT WARNING * * *
You barely miss Sigmund.
Sigmund is severely wounded.
Sigmund hits you with a +0 scythe!
You die...

######### #....... #.......#
#....... #.#####.#
#########....... #.#
#.##########......^........
#.#####>.........................
#......†..######.................
#######.#.# #...........†.....
........#.# #................)
#######†#.# #@..#..##########)
#.....# #@..##.# #. #.#.###
#...##.# #######. #.#.# #...##.##
#....... #.#.# #...##..# #.......
#.#.# #...###.# #.......
#.#.##############.###(......
#.#...†..............+.......
#.################'###......#


You could see Sigmund.

Vanquished Creatures
  2 adders (D:2)
  A dart slug (D:1)
  2 leopard geckos (D:2)
  A giant cockroach (D:2)
  4 goblins
  9 hobgoblins
  4 jackals (D:2)
  2 ball pythons (D:2)
  3 bats
  3 kobolds
  7 rats
38 creatures vanquished.

Notes
Turn   | Place    | Note
-------+----------+-------------------------------------------
     0 | D:1      | Flure the Formicid Fighter began the quest for the Orb.
     0 | D:1      | Reached XP level 1. HP: 18/18 MP: 1/1
   160 | D:1      | Reached XP level 2. HP: 23/24 MP: 2/2
   774 | D:2      | Reached skill level 4 in Shields
   774 | D:2      | Reached XP level 3. HP: 24/29 MP: 3/3
  1164 | D:2      | Reached XP level 4. HP: 36/36 MP: 4/4
  1374 | D:2      | Noticed Sigmund
  1389 | D:2      | Slain by Sigmund

Illustrated notes

Levels and vault maps discovered:
D:1:      lemuel_arrival_funnel, layout_loops_ring
D:2:      layout_basic, uniq_sigmund

Skill      XL: |  1  2  3 |
---------------+----------+-----
Shields        | 4 |  4.2
Staves         | 3 |  3.2
Fighting       | |  3.7
Armour         | |  3.4
Dodging        | |  0.1
Stealth        | |  0.1

Action                   |  1- 3 |  4- 6 || total
-------------------------+-------+-------++-------
Melee: Quarterstaff      |    76 |    23 ||    99
Armor: Scale mail        |    24 |     4 ||    28
Dodge: Dodged            |    21 |     8 ||    29
Block: Kite shield       |    40 |     5 ||    45
